Penguins vs Eagles (R1)

Created - June 2, 2022 at 19:00

Goals
1 2 3 T
Penguins 2 4 3 9
Eagles 1 1 2 4
Shots
1 2 3 T
Penguins 13 14 13 40
Eagles 14 14 9 37

1st period

1. Eagles , Anthony Duclair 18 (Zach Aston-Reese 26, Stefan Elliott 47) at 14:35
2. Penguins , William Nylander 38 (Josh Jooris 43) at 14:41
3. Penguins , Josh Jooris 43 (William Nylander 43) at 15:59

Penalties :
Daniel Carr (Col) for Hooking (Minor) at 2:59, Andrew O'Brien (Wil) for Unsportsmanlike conduct (Minor) at 10:51, Josh Jooris (Wil) for Hooking (Minor) at 16:22

2nd period

4. Penguins , Max Gortz 10 (Curtis Hamilton 7, Adam Brooks 13) at 1:06
5. Penguins , Kyle Connor 29 (Iven Barbashev 15, Frederick Gaudreau 34) at 2:15
6. Penguins , Max Gortz 11 (Curtis Hamilton 8, William Nylander 44) at 8:47
7. Eagles , Chris Calhan 8 (Anthony Duclair 17, Zach Aston-Reese 27) at 15:56
8. Penguins , Frederick Gaudreau 16 (Gavin Bayreuther 24, Iven Barbashev 16) at 17:57

Penalties :
Anthony Beauvillier (Wil) for Slashing (Double Minor) at 4:31, Jonathan Racine (Col) for Roughing (Minor) at 10:44, Daniel Carr (Col) for Holding (Minor) at 18:24, Jarred Tinordi (Col) for High sticking (Minor) at 19:53

3rd period

9. Penguins , William Nylander 39 (Cedric Paquette 53) at 0:14 (PP)
10. Penguins , Josh Jooris 44 (William Nylander 45, Cedric Paquette 54) at 7:06 (PP)
11. Eagles , Zach Aston-Reese 17 (Anthony Duclair 18, Connor Carrick 13) at 11:59
12. Eagles , Stefan Elliott 9 (Jonathan Marchessault 45) at 15:42
13. Penguins , Christopher Tanev 6 (Cedric Paquette 55) at 16:43 (PP)

Penalties :
Xavier Ouellet (Col) for Tripping (Minor) at 0:37, Stefan Elliott (Col) for Roughing (Minor) at 7:03, Daniel Carr (Col) for Interference (Minor) at 13:16, Sam Steel (Col) for Fighting (Major) at 15:36, John Marino (Wil) for Fighting (Major) at 15:36, Zach Aston-Reese (Col) for Hooking (Minor) at 16:27, Daniel Carr (Col) for Fighting (Major) at 17:02, Christopher Tanev (Wil) for Fighting (Major) at 17:02, Josh Jooris (Wil) for Roughing (Minor) at 17:09

Goalie Stats

Connor Hellebyuk (Wil), 33 saves from 37 shots - (0.892), W, 26-26-2, 60:00 minutes
Antoine Bibeau (Col), 11 saves from 15 shots - (0.733), L, 6-8-1, 24:51 minutes
Marek Mazanek (Col), 20 saves from 25 shots - (0.800), 35:09 minutes

Players Stats for Penguins

Player Name              G  A  P  +/- PIM S  H  SB GA TA FO     MP     PP MP  PK MP  
------------------------------------------------------------------------------------
Adam Brooks              0  1  1   2  0   0  3  1  1  0  3/5     8:27   0:00   0:00 
Andrew O'Brien           0  0  0   0  2   2  1  1  1  1  0/0    27:03   6:30   3:41 
Anthony Beauvillier      0  0  0  -1  4   1  0  0  0  0  0/0     7:13   0:03   0:00 
Brett Pollock            0  0  0   0  0   0  0  0  0  0  0/0     3:22   0:00   3:15 
Cedric Paquette          0  3  3   1  0   2  1  0  1  0  14/44  22:59   6:10   3:48 
Christopher Tanev        1  0  1  -1  5   3  1  3  1  0  0/0    28:33   6:30   3:55 
Curtis Hamilton          0  2  2   2  0   2  1  0  0  0  0/0     8:30   0:00   0:03 
Dakota Mermis            0  0  0   2  0   3  0  0  0  0  0/0    21:35   3:58   4:51 
Danny Biega              0  0  0   2  0   1  0  0  0  0  0/0    21:14   3:58   4:26 
Denis Malgin             0  0  0  -1  0   0  0  0  1  0  0/0     6:53   0:00   0:43 
Frederick Gaudreau       1  1  2   0  0   5  1  0  0  0  8/15   16:52   4:15   1:48 
Gavin Bayreuther         0  1  1   0  0   2  0  0  0  0  0/0     8:06   0:00   0:00 
German Rubtsov           0  0  0   0  0   0  0  0  0  0  0/0     0:00   0:00   0:00 
Iven Barbashev           0  2  2   0  0   2  2  0  1  0  0/0    15:04   4:15   0:00 
John Marino              0  0  0   1  5   0  0  0  1  0  0/0     9:26   0:00   1:44 
Josh Ho-Sang             0  0  0   0  0   0  0  0  0  0  2/5     3:13   0:00   3:05 
Josh Jooris              2  1  3   1  4   6  2  0  1  0  2/7    21:48   6:10   2:29 
Juuso Ikonen             0  0  0   0  0   0  0  0  0  0  0/0     0:55   0:03   0:00 
Kyle Connor              1  0  1   0  0   3  0  1  0  1  1/1    15:04   4:15   0:00 
Matthew Finn             0  0  0   0  0   0  0  0  0  1  0/0     4:07   0:00   1:15 
Max Gortz                2  0  2   2  0   3  0  0  0  0  1/1     8:27   0:00   0:00 
Raphael Bussieres        0  0  0  -1  0   1  0  0  0  0  0/0     6:10   0:00   0:00 
Sam Kurker               0  0  0   0  0   0  0  0  0  0  1/1     0:55   0:03   0:00 
Steven Spinner           0  0  0   0  0   0  0  0  0  0  0/0     0:00   0:00   0:00 
William Nylander         2  3  5   1  0   4  0  0  1  1  2/2    24:02   6:10   4:41 

Players Stats for Eagles

Player Name              G  A  P  +/- PIM S  H  SB GA TA FO     MP     PP MP  PK MP  
------------------------------------------------------------------------------------
Anthony Duclair          1  2  3   1  0   6  2  0  2  0  1/1    19:57   4:02   2:53 
Chris Calhan             1  0  1   1  0   1  0  1  0  1  0/0    17:17   4:02   0:00 
Connor Carrick           0  1  1   0  0   1  2  1  0  1  0/0    19:29   4:03   3:44 
Daniel Carr              0  0  0  -2  11  4  4  0  0  0  5/7    22:43   3:51   2:35 
Jarred Tinordi           0  0  0  -1  2   2  2  1  0  1  0/0    27:39   5:30   5:39 
John Ramage              0  0  0   0  0   1  1  0  0  1  0/0    18:48   4:08   3:11 
Jonathan Marchessault    0  1  1  -2  0   3  1  1  0  0  27/42  26:22   4:57   5:52 
Jonathan Racine          0  0  0  -1  2   0  0  1  0  1  0/0     8:10   0:23   0:51 
Keaton Middleton         0  0  0   0  0   0  1  0  0  2  0/0     4:35   0:00   0:00 
Mark Friedman            0  0  0   0  0   0  0  0  0  0  0/0     5:13   0:32   0:00 
Matteson Iacopelli       0  0  0  -2  0   4  5  0  0  0  3/5    20:22   4:53   0:00 
Max Lajoie               0  0  0   0  0   0  0  0  0  0  0/0     0:38   0:32   0:00 
Michael Dal Colle        0  0  0  -1  0   0  0  0  0  0  3/7    14:55   0:48   4:07 
Pius Suter               0  0  0  -1  0   1  0  0  1  0  0/0    10:05   0:00   0:00 
Sam Steel                0  0  0  -1  5   0  0  0  0  0  0/1     2:36   0:51   0:00 
Stefan Elliott           1  1  2  -1  2   5  1  1  1  1  0/0    28:42   5:25   6:48 
Tyler Motte              0  0  0   0  0   5  1  1  0  0  1/6    13:40   1:58   2:19 
Xavier Ouellet           0  0  0  -1  2   0  0  1  0  1  0/0     8:07   0:00   0:46 
Zach Aston-Reese         1  2  3   1  2   4  1  0  0  0  7/12   18:28   3:45   1:29 

3 Stars

1 - William Nylander (Wil)
2 - Max Gortz (Wil)
3 - Josh Jooris (Wil)

Power Play

Penguins - 3 on 8 Attempt(s) - 37.50%
Eagles - 0 on 5 Attempt(s) - 0.00%

Penalty Kill

Penguins - 5 on 5 Attempt(s) - 100.00% - Score 0 goal in Penalty Kill
Eagles - 5 on 8 Attempt(s) - 62.50% - Score 0 goal in Penalty Kill

Team Stat

Penguins - Hits : 12 - Faceoff Wins : 34 - Blocked Shots : 6 - Penalty Minutes : 20
Eagles - Hits : 21 - Faceoff Wins : 47 - Blocked Shots : 8 - Penalty Minutes : 26

Official

Referees : Corey Syvret and Kyle Rehman
Linesman : Vaughan Rody and Tyson Baker

Game Notes

Antoine Bibeau enters game at 2:15 of 2nd period
Marek Mazanek enters game at 7:06 of 3rd period
John Marino beats up Sam Steel at 15:36 of 3rd period
Daniel Carr and Christopher Tanev fight to a draw at 17:02 of 3rd period

Finance

Level 1 -- Attendance: 1963 (98.15%) -- Ticket Income $68,705
Level 2 -- Attendance: 882 (88.20%) -- Ticket Income $13,230
Total Attendance: 2845 (94.83%)
Total Ticket Income: $81,935
Other Income: $4,097
Total Income: $86,032

Penguins

5 vs 5 Forward 
   Center                   Left Wing                Right Wing               Time % Phy DF OF 
 1 Cedric Paquette          William Nylander         Josh Jooris              40     1   2  2  
 2 Frederick Gaudreau       Kyle Connor              Iven Barbashev           30     1   2  2  
 3 Adam Brooks              Curtis Hamilton          Max Gortz                20     1   2  2  
 4 Denis Malgin             Raphael Bussieres        Anthony Beauvillier      10     1   2  2  

5 vs 5 Defense 
   Defense                  Defense                                           Time % Phy DF OF 
 1 Christopher Tanev        Andrew O'Brien                                    40     1   2  2  
 2 Dakota Mermis            Danny Biega                                       30     1   2  2  
 3 Gavin Bayreuther         John Marino                                       20     1   2  2  
 4 Matthew Finn             Christopher Tanev                                 10     1   2  2  

PowerPlay Forward 
   Center                   Left Wing                Right Wing               Time % Phy DF OF 
 1 Cedric Paquette          William Nylander         Josh Jooris              60     1   2  2  
 2 Frederick Gaudreau       Kyle Connor              Iven Barbashev           40     1   2  2  

PowerPlay Defense
   Defense                  Defense                                           Time % Phy DF OF 
 1 Christopher Tanev        Andrew O'Brien                                    60     1   2  2  
 2 Dakota Mermis            Danny Biega                                       40     1   2  2  

Penalty Kill 4 Players Forward 
   Center                   Wing                     Time % Phy DF OF 
 1 Josh Jooris              William Nylander         60     1   2  2  
 2 Cedric Paquette          Frederick Gaudreau       40     1   2  2  

Penalty Kill 4 Players Defense
   Defense                  Defense                  Time % Phy DF OF 
 1 Christopher Tanev        Andrew O'Brien           60     1   2  2  
 2 Dakota Mermis            Danny Biega              40     1   2  2  

Penalty Kill - 3 Players Forward 
   Forward                                           Time % Phy DF OF 
 1 Josh Jooris                                       60     1   2  2  
 2 William Nylander                                  40     1   2  2  

Penalty Kill - 3 Players Defense
   Defense                  Defense                  Time % Phy DF OF 
 1 Christopher Tanev        Andrew O'Brien           60     1   2  2  
 2 Dakota Mermis            Danny Biega              40     1   2  2  

4 vs 4 Forward 
   Center                   Wing                     Time % Phy DF OF 
 1 Josh Jooris              William Nylander         60     1   2  2  
 2 Cedric Paquette          Frederick Gaudreau       40     1   2  2  

4 vs 4 Defense
   Defense                  Defense                  Time % Phy DF OF 
 1 Christopher Tanev        Andrew O'Brien           60     1   2  2  
 2 Dakota Mermis            Danny Biega              40     1   2  2  

Last Minutes Offensive
   Center                   Left Wing                Right Wing               Defense                  Defense                  
   Cedric Paquette          William Nylander         Josh Jooris              Christopher Tanev        Andrew O'Brien           

Last Minutes Defensive
   Center                   Left Wing                Right Wing               Defense                  Defense                  
   Cedric Paquette          William Nylander         Josh Jooris              Christopher Tanev        Andrew O'Brien           

Goaltenders
Starting : Connor Hellebyuk         
Backup : Anthony Stolarz          

Extra Forwards
Normal : Sam Kurker, Juuso Ikonen, Josh Ho-Sang - PP : Sam Kurker, Juuso Ikonen - PK : Josh Ho-Sang
Extra Defensemen
Normal : Gavin Bayreuther, John Marino, Matthew Finn - PP : Gavin Bayreuther - PK : John Marino, Matthew Finn
Penalty Shots
Josh Jooris, William Nylander, Cedric Paquette, Frederick Gaudreau, Iven Barbashev

Scratches
None

Eagles

5 vs 5 Forward 
   Center                   Left Wing                Right Wing               Time % Phy DF OF 
 1 Jonathan Marchessault    Daniel Carr              Matteson Iacopelli       40     1   2  2  
 2 Zach Aston-Reese         Anthony Duclair          Chris Calhan             30     1   2  2  
 3 Tyler Motte              Michael Dal Colle        Pius Suter               20     1   2  2  
 4 Pius Suter               Daniel Carr              Jonathan Marchessault    10     1   2  2  

5 vs 5 Defense 
   Defense                  Defense                                           Time % Phy DF OF 
 1 Stefan Elliott           Jarred Tinordi                                    40     1   2  2  
 2 John Ramage              Connor Carrick                                    30     1   2  2  
 3 Xavier Ouellet           Jonathan Racine                                   20     1   2  2  
 4 Mark Friedman            Keaton Middleton                                  10     1   2  2  

PowerPlay Forward 
   Center                   Left Wing                Right Wing               Time % Phy DF OF 
 1 Jonathan Marchessault    Daniel Carr              Matteson Iacopelli       60     1   2  2  
 2 Zach Aston-Reese         Anthony Duclair          Chris Calhan             40     1   2  2  

PowerPlay Defense
   Defense                  Defense                                           Time % Phy DF OF 
 1 Stefan Elliott           Jarred Tinordi                                    60     1   2  2  
 2 John Ramage              Connor Carrick                                    40     1   2  2  

Penalty Kill 4 Players Forward 
   Center                   Wing                     Time % Phy DF OF 
 1 Daniel Carr              Jonathan Marchessault    60     1   2  2  
 2 Anthony Duclair          Zach Aston-Reese         40     1   2  2  

Penalty Kill 4 Players Defense
   Defense                  Defense                  Time % Phy DF OF 
 1 Stefan Elliott           Jarred Tinordi           60     1   2  2  
 2 John Ramage              Connor Carrick           40     1   2  2  

Penalty Kill - 3 Players Forward 
   Forward                                           Time % Phy DF OF 
 1 Daniel Carr                                       60     1   2  2  
 2 Jonathan Marchessault                             40     1   2  2  

Penalty Kill - 3 Players Defense
   Defense                  Defense                  Time % Phy DF OF 
 1 Stefan Elliott           Jarred Tinordi           60     1   2  2  
 2 John Ramage              Connor Carrick           40     1   2  2  

4 vs 4 Forward 
   Center                   Wing                     Time % Phy DF OF 
 1 Daniel Carr              Jonathan Marchessault    60     1   2  2  
 2 Anthony Duclair          Zach Aston-Reese         40     1   2  2  

4 vs 4 Defense
   Defense                  Defense                  Time % Phy DF OF 
 1 Stefan Elliott           Jarred Tinordi           60     1   2  2  
 2 John Ramage              Connor Carrick           40     1   2  2  

Last Minutes Offensive
   Center                   Left Wing                Right Wing               Defense                  Defense                  
   Jonathan Marchessault    Daniel Carr              Matteson Iacopelli       Stefan Elliott           Jarred Tinordi           

Last Minutes Defensive
   Center                   Left Wing                Right Wing               Defense                  Defense                  
   Jonathan Marchessault    Daniel Carr              Matteson Iacopelli       Stefan Elliott           Jarred Tinordi           

Goaltenders
Starting : Marek Mazanek            
Backup : Antoine Bibeau           

Extra Forwards
Normal : Sam Steel, Tyler Motte, Michael Dal Colle - PP : Sam Steel, Tyler Motte - PK : Michael Dal Colle
Extra Defensemen
Normal : Max Lajoie, Xavier Ouellet, Jonathan Racine - PP : Max Lajoie - PK : Xavier Ouellet, Jonathan Racine
Penalty Shots
Daniel Carr, Jonathan Marchessault, Anthony Duclair, Zach Aston-Reese, Tyler Motte

Scratches
Dominik Kubalik (Healthy), Drake Caggiula (Healthy), Jared McCann (Healthy), Joseph Blandisi (Healthy), Nick Cousins (Healthy)
Ryan Murphy (Healthy), Tomas Tatar (Healthy), Pascal Laberge (Healthy), Adin Hill (Healthy)

% Time on Ice - Penguins

Lines # - Real PCT - Wanted PCT - Time Play
Normal Forward
1 - 36% - 40% - 14:10
2 - 27% - 30% - 10:49
3 - 21% - 20% - 8:27
4 - 16% - 10% - 6:10
Normal Defense
1 - 42% - 40% - 16:36
2 - 32% - 30% - 12:46
3 - 19% - 20% - 7:43
4 - 6% - 10% - 2:31
PP Forward
1 - 59% - 60% - 6:13
2 - 41% - 40% - 4:15
PP Defense
1 - 62% - 60% - 6:30
2 - 38% - 40% - 3:58
PK Forward
1 - 82% - 60% - 8:08
2 - 18% - 40% - 1:48
PK Defense
1 - 56% - 60% - 5:33
2 - 44% - 40% - 4:23
PK3 Forward
1 - 0% - 60%
2 - 0% - 40%
PK3 Defense
1 - 0% - 60%
2 - 0% - 40%
44 Forward
1 - 0% - 60%
2 - 0% - 40%
44 Defense
1 - 0% - 60%
2 - 0% - 40%
Last Minute Offensive  - 0:00
Last Minute Defensive  - 0:00
Total
Forward - 60:00
Defense - 60:00

% Time on Ice - Eagles

Lines # - Real PCT - Wanted PCT - Time Play
Normal Forward
1 - 41% - 40% - 16:16
2 - 33% - 30% - 13:15
3 - 23% - 20% - 9:14
4 - 2% - 10% - 0:51
Normal Defense
1 - 42% - 40% - 16:30
2 - 29% - 30% - 11:35
3 - 18% - 20% - 6:56
4 - 12% - 10% - 4:35
PP Forward
1 - 63% - 60% - 6:14
2 - 37% - 40% - 3:42
PP Defense
1 - 55% - 60% - 5:25
2 - 45% - 40% - 4:31
PK Forward
1 - 83% - 60% - 7:23
2 - 17% - 40% - 1:29
PK Defense
1 - 68% - 60% - 6:03
2 - 32% - 40% - 2:49
PK3 Forward
1 - 80% - 60% - 1:17
2 - 20% - 40% - 0:19
PK3 Defense
1 - 77% - 60% - 1:14
2 - 23% - 40% - 0:22
44 Forward
1 - 0% - 60%
2 - 0% - 40%
44 Defense
1 - 0% - 60%
2 - 0% - 40%
Last Minute Offensive  - 0:00
Last Minute Defensive  - 0:00
Total
Forward - 60:00
Defense - 60:00

Play-by-Play

1st period


0:01 of 1st period - Matteson Iacopelli wins face-off versus Cedric Paquette in neutral zone.
0:16 of 1st period - Slapshot by Josh Jooris.
0:16 of 1st period - Stopped by Marek Mazanek with a rebound.
0:32 of 1st period - Snap shot by Anthony Duclair.
0:32 of 1st period - Stopped by Connor Hellebyuk without a rebound.
0:33 of 1st period - Max Gortz wins face-off versus Tyler Motte in Penguins zone.
0:46 of 1st period - Slapshot by Tyler Motte.
0:46 of 1st period - Stopped by Connor Hellebyuk with a rebound.
2:05 of 1st period - Wrist shot by Raphael Bussieres.
2:05 of 1st period - Stopped by Marek Mazanek with a rebound.
2:29 of 1st period - Snap shot by Tyler Motte.
2:29 of 1st period - Shot Misses the Net.
2:31 of 1st period - Snap shot by Tyler Motte.
2:31 of 1st period - Stopped by Connor Hellebyuk with a rebound.
2:33 of 1st period - Snap shot by Pius Suter.
2:33 of 1st period - Stopped by Connor Hellebyuk without a rebound.
2:34 of 1st period - Jonathan Marchessault wins face-off versus Josh Jooris in Penguins zone.
2:35 of 1st period - Snap shot by Daniel Carr.
2:35 of 1st period - Stopped by Connor Hellebyuk without a rebound.
2:36 of 1st period - Daniel Carr wins face-off versus Cedric Paquette in Penguins zone.
2:59 of 1st period - Minor Penalty to Daniel Carr for Hooking.
3:00 of 1st period - Michael Dal Colle wins face-off versus Cedric Paquette in Eagles zone.
4:59 of 1st period - Penalty to Daniel Carr is over, Daniel Carr is back on ice.
5:10 of 1st period - Stefan Elliott is hit by Adam Brooks and loses puck.
7:56 of 1st period - Off-side.
7:57 of 1st period - Adam Brooks wins face-off versus Zach Aston-Reese in neutral zone.
8:00 of 1st period - Slapshot by Max Gortz.
8:00 of 1st period - Stopped by Marek Mazanek with a rebound.
8:02 of 1st period - Slapshot by Andrew O'Brien.
8:02 of 1st period - Stopped by Marek Mazanek without a rebound.
8:03 of 1st period - Adam Brooks wins face-off versus Zach Aston-Reese in Eagles zone.
8:08 of 1st period - Wrist shot by Curtis Hamilton.
8:08 of 1st period - Stopped by Marek Mazanek without a rebound.
8:09 of 1st period - Jonathan Marchessault wins face-off versus Cedric Paquette in Eagles zone.
8:16 of 1st period - Snap shot by Josh Jooris.
8:16 of 1st period - Deflect By Cedric Paquette.
8:16 of 1st period - Shot Misses the Net.
8:16 of 1st period - Puck is out of play.
8:17 of 1st period - Cedric Paquette wins face-off versus Jonathan Marchessault in Eagles zone.
8:24 of 1st period - Slapshot by William Nylander.
8:24 of 1st period - Shot Misses the Net.
9:10 of 1st period - Wrist shot by Tyler Motte.
9:10 of 1st period - Stopped by Connor Hellebyuk without a rebound.
9:11 of 1st period - Cedric Paquette wins face-off versus Jonathan Marchessault in Penguins zone.
9:18 of 1st period - Slapshot by Daniel Carr.
9:18 of 1st period - Shot Misses the Net.
9:36 of 1st period - Dakota Mermis is hit by Connor Carrick and loses puck.
10:16 of 1st period - Off-side.
10:17 of 1st period - Cedric Paquette wins face-off versus Jonathan Marchessault in neutral zone.
10:22 of 1st period - Wrist shot by Daniel Carr.
10:22 of 1st period - Shot Blocked by Christopher Tanev.
10:24 of 1st period - Snap shot by Daniel Carr.
10:24 of 1st period - Deflect By William Nylander.
10:24 of 1st period - Shot Hit the Post.
10:24 of 1st period - Puck is out of play.
10:25 of 1st period - Jonathan Marchessault wins face-off versus Cedric Paquette in Penguins zone.
10:28 of 1st period - Slapshot by Daniel Carr.
10:28 of 1st period - Stopped by Connor Hellebyuk without a rebound.
10:29 of 1st period - Jonathan Marchessault wins face-off versus Josh Jooris in Penguins zone.
10:38 of 1st period - Snap shot by Daniel Carr.
10:38 of 1st period - Deflect By Matteson Iacopelli.
10:38 of 1st period - Shot Blocked by Christopher Tanev.
10:38 of 1st period - Puck is out of play.
10:39 of 1st period - Jonathan Marchessault wins face-off versus Cedric Paquette in Penguins zone.
10:44 of 1st period - Wrist shot by Daniel Carr.
10:44 of 1st period - Shot Misses the Net.
10:46 of 1st period - Snap shot by Daniel Carr.
10:46 of 1st period - Stopped by Connor Hellebyuk without a rebound.
10:47 of 1st period - Jonathan Marchessault wins face-off versus Cedric Paquette in Penguins zone.
10:51 of 1st period - Minor Penalty to Andrew O'Brien for Unsportsmanlike conduct.
10:52 of 1st period - Jonathan Marchessault wins face-off versus Josh Jooris in Penguins zone.
11:02 of 1st period - Wrist shot by Jonathan Marchessault.
11:02 of 1st period - Deflect By Matteson Iacopelli.
11:02 of 1st period - Stopped by Connor Hellebyuk with a rebound.
12:51 of 1st period - Penalty to Andrew O'Brien is over, Andrew O'Brien is back on ice.
12:55 of 1st period - Backhand shot by Andrew O'Brien.
12:55 of 1st period - Stopped by Marek Mazanek with a rebound.
12:57 of 1st period - Snap shot by Danny Biega.
12:57 of 1st period - Deflect By Andrew O'Brien.
12:57 of 1st period - Shot Blocked by Tyler Motte.
12:57 of 1st period - Puck is out of play.
12:58 of 1st period - Frederick Gaudreau wins face-off versus Tyler Motte in Eagles zone.
13:01 of 1st period - Wrist shot by Frederick Gaudreau.
13:01 of 1st period - Stopped by Marek Mazanek with a rebound.
13:05 of 1st period - Snap shot by Kyle Connor.
13:05 of 1st period - Stopped by Marek Mazanek with a rebound.
13:07 of 1st period - Wrist shot by Frederick Gaudreau.
13:07 of 1st period - Shot Misses the Net.
13:09 of 1st period - Wrist shot by Frederick Gaudreau.
13:09 of 1st period - Stopped by Marek Mazanek with a rebound.
13:11 of 1st period - Snap shot by Kyle Connor.
13:11 of 1st period - Stopped by Marek Mazanek without a rebound.
13:12 of 1st period - Cedric Paquette wins face-off versus Jonathan Marchessault in Eagles zone.
13:37 of 1st period - Dakota Mermis is hit by Jarred Tinordi and loses puck.
13:57 of 1st period - Off-side.
13:58 of 1st period - Zach Aston-Reese wins face-off versus Adam Brooks in neutral zone.
14:03 of 1st period - Snap shot by Zach Aston-Reese.
14:03 of 1st period - Stopped by Connor Hellebyuk without a rebound.
14:04 of 1st period - Jonathan Marchessault wins face-off versus Cedric Paquette in Penguins zone.
14:13 of 1st period - Slapshot by Daniel Carr.
14:13 of 1st period - Shot Misses the Net.
14:31 of 1st period - Snap shot by Zach Aston-Reese.
14:31 of 1st period - Stopped by Connor Hellebyuk with a rebound.
14:33 of 1st period - Slapshot by Anthony Duclair.
14:33 of 1st period - Shot Misses the Net.
14:35 of 1st period - Snap shot by Anthony Duclair.
14:35 of 1st period - Goal by Anthony Duclair - Penguins : 0 - Eagles : 1.
14:36 of 1st period - William Nylander wins face-off versus Jonathan Marchessault in neutral zone.
14:41 of 1st period - Snap shot by William Nylander.
14:41 of 1st period - Goal by William Nylander - Penguins : 1 - Eagles : 1.
14:42 of 1st period - Cedric Paquette wins face-off versus Zach Aston-Reese in neutral zone.
14:47 of 1st period - Wrist shot by William Nylander.
14:47 of 1st period - Stopped by Marek Mazanek without a rebound.
14:48 of 1st period - Anthony Duclair wins face-off versus Cedric Paquette in Eagles zone.
15:03 of 1st period - Slapshot by Josh Jooris.
15:03 of 1st period - Shot Blocked by Chris Calhan.
15:44 of 1st period - Wrist shot by Tyler Motte.
15:44 of 1st period - Shot Misses the Net.
15:59 of 1st period - Slapshot by Josh Jooris.
15:59 of 1st period - Goal by Josh Jooris - Penguins : 2 - Eagles : 1.
16:00 of 1st period - Matteson Iacopelli wins face-off versus Cedric Paquette in neutral zone.
16:05 of 1st period - Cedric Paquette is hit by Daniel Carr and loses puck.
16:12 of 1st period - Wrist shot by Daniel Carr.
16:12 of 1st period - Shot Misses the Net.
16:22 of 1st period - Minor Penalty to Josh Jooris for Hooking.
16:23 of 1st period - Jonathan Marchessault wins face-off versus Josh Ho-Sang in Penguins zone.
16:26 of 1st period - Snap shot by Jonathan Marchessault.
16:26 of 1st period - Shot Misses the Net.
16:28 of 1st period - Slapshot by Stefan Elliott.
16:28 of 1st period - Stopped by Connor Hellebyuk without a rebound.
16:29 of 1st period - Jonathan Marchessault wins face-off versus Josh Ho-Sang in Penguins zone.
16:30 of 1st period - Wrist shot by Daniel Carr.
16:30 of 1st period - Deflect By William Nylander.
16:30 of 1st period - Shot Misses the Net.
16:30 of 1st period - Puck is out of play.
16:31 of 1st period - Josh Ho-Sang wins face-off versus Jonathan Marchessault in Penguins zone.
16:31 of 1st period - Josh Ho-Sang is hit by Matteson Iacopelli.
16:43 of 1st period - Backhand shot by Stefan Elliott.
16:43 of 1st period - Stopped by Connor Hellebyuk without a rebound.
16:44 of 1st period - William Nylander wins face-off versus Matteson Iacopelli in Penguins zone.
17:11 of 1st period - William Nylander is hit by Anthony Duclair and loses puck.
18:22 of 1st period - Penalty to Josh Jooris is over, Josh Jooris is back on ice.
18:37 of 1st period - Christopher Tanev is hit by Jarred Tinordi and loses puck.
Goals for this period are 2 for Penguins vs 1 for Eagles.
Shots for this period are 13 for Penguins vs 14 for Eagles.

2nd period


0:01 of 2nd period - Josh Jooris wins face-off versus Jonathan Marchessault in neutral zone.
0:04 of 2nd period - Slapshot by Josh Jooris.
0:04 of 2nd period - Stopped by Marek Mazanek without a rebound.
0:05 of 2nd period - Cedric Paquette wins face-off versus Jonathan Marchessault in Eagles zone.
0:06 of 2nd period - Snap shot by Josh Jooris.
0:06 of 2nd period - Shot Blocked by Connor Carrick.
0:34 of 2nd period - Slapshot by Anthony Duclair.
0:34 of 2nd period - Deflect By Kyle Connor.
0:34 of 2nd period - Stopped by Connor Hellebyuk with a rebound.
0:54 of 2nd period - Slapshot by Jarred Tinordi.
0:54 of 2nd period - Shot Blocked by Christopher Tanev.
0:56 of 2nd period - Slapshot by Stefan Elliott.
0:56 of 2nd period - Shot Misses the Net.
0:58 of 2nd period - Slapshot by Stefan Elliott.
0:58 of 2nd period - Stopped by Connor Hellebyuk without a rebound.
0:59 of 2nd period - Adam Brooks wins face-off versus Jonathan Marchessault in Penguins zone.
1:06 of 2nd period - Backhand shot by Max Gortz.
1:06 of 2nd period - Goal by Max Gortz - Penguins : 3 - Eagles : 1.
1:07 of 2nd period - Daniel Carr wins face-off versus Cedric Paquette in neutral zone.
1:34 of 2nd period - Chris Calhan is hit by Iven Barbashev and loses puck.
1:39 of 2nd period - Slapshot by Iven Barbashev.
1:39 of 2nd period - Stopped by Marek Mazanek without a rebound.
1:40 of 2nd period - Zach Aston-Reese wins face-off versus Cedric Paquette in Eagles zone.
1:51 of 2nd period - Wrist shot by Anthony Duclair.
1:51 of 2nd period - Stopped by Connor Hellebyuk with a rebound.
1:53 of 2nd period - Wrist shot by Zach Aston-Reese.
1:53 of 2nd period - Stopped by Connor Hellebyuk without a rebound.
1:54 of 2nd period - Kyle Connor wins face-off versus Jonathan Marchessault in Penguins zone.
2:01 of 2nd period - Wrist shot by Iven Barbashev.
2:01 of 2nd period - Stopped by Marek Mazanek without a rebound.
2:02 of 2nd period - Jonathan Marchessault wins face-off versus Frederick Gaudreau in Eagles zone.
2:02 of 2nd period - Jonathan Marchessault is hit by Frederick Gaudreau.
2:13 of 2nd period - Snap shot by Iven Barbashev.
2:13 of 2nd period - Shot Misses the Net.
2:15 of 2nd period - Wrist shot by Kyle Connor.
2:15 of 2nd period - Goal by Kyle Connor - Penguins : 4 - Eagles : 1.
2:15 of 2nd period - Antoine Bibeau enters game.
2:16 of 2nd period - Jonathan Marchessault wins face-off versus Josh Jooris in neutral zone.
2:25 of 2nd period - Off-side.
2:26 of 2nd period - Jonathan Marchessault wins face-off versus Cedric Paquette in neutral zone.
2:47 of 2nd period - John Ramage is hit by Christopher Tanev and loses puck.
2:59 of 2nd period - Snap shot by Jonathan Marchessault.
2:59 of 2nd period - Stopped by Connor Hellebyuk with a rebound.
3:01 of 2nd period - Slapshot by Connor Carrick.
3:01 of 2nd period - Stopped by Connor Hellebyuk without a rebound.
3:02 of 2nd period - Zach Aston-Reese wins face-off versus Frederick Gaudreau in Penguins zone.
3:07 of 2nd period - Slapshot by Stefan Elliott.
3:07 of 2nd period - Stopped by Connor Hellebyuk without a rebound.
3:08 of 2nd period - Zach Aston-Reese wins face-off versus Frederick Gaudreau in Penguins zone.
3:39 of 2nd period - Wrist shot by William Nylander.
3:39 of 2nd period - Shot Misses the Net.
3:45 of 2nd period - Wrist shot by William Nylander.
3:45 of 2nd period - Shot Blocked by Jarred Tinordi.
4:17 of 2nd period - Wrist shot by Christopher Tanev.
4:17 of 2nd period - Stopped by Antoine Bibeau with a rebound.
4:31 of 2nd period - Double Minor Penalty to Anthony Beauvillier for Slashing.
4:32 of 2nd period - Jonathan Marchessault wins face-off versus Josh Jooris in Penguins zone.
5:23 of 2nd period - Andrew O'Brien is hit by Daniel Carr and loses puck.
6:30 of 2nd period - Danny Biega is hit by Tyler Motte and loses puck.
7:47 of 2nd period - Denis Malgin is hit by Zach Aston-Reese and loses puck.
8:24 of 2nd period - John Ramage is hit by Cedric Paquette and loses puck.
8:31 of 2nd period - Penalty to Anthony Beauvillier is over, Anthony Beauvillier is back on ice.
8:47 of 2nd period - Snap shot by Max Gortz.
8:47 of 2nd period - Goal by Max Gortz - Penguins : 5 - Eagles : 1.
8:48 of 2nd period - Matteson Iacopelli wins face-off versus Frederick Gaudreau in neutral zone.
8:57 of 2nd period - Snap shot by Daniel Carr.
8:57 of 2nd period - Stopped by Connor Hellebyuk with a rebound.
9:00 of 2nd period - Icing by Iven Barbashev.
9:01 of 2nd period - Frederick Gaudreau wins face-off versus Zach Aston-Reese in Penguins zone.
9:31 of 2nd period - Christopher Tanev is hit by Matteson Iacopelli and loses puck.
9:54 of 2nd period - Snap shot by Josh Jooris.
9:54 of 2nd period - Stopped by Antoine Bibeau with a rebound.
9:56 of 2nd period - Snap shot by Cedric Paquette.
9:56 of 2nd period - Shot Misses the Net.
10:38 of 2nd period - Snap shot by Dakota Mermis.
10:38 of 2nd period - Stopped by Antoine Bibeau with a rebound.
10:44 of 2nd period - Minor Penalty to Jonathan Racine for Roughing.
10:45 of 2nd period - Daniel Carr wins face-off versus Cedric Paquette in Eagles zone.
11:30 of 2nd period - Andrew O'Brien is hit by Anthony Duclair and loses puck.
12:44 of 2nd period - Penalty to Jonathan Racine is over, Jonathan Racine is back on ice.
12:48 of 2nd period - Icing by Christopher Tanev.
12:49 of 2nd period - Sam Kurker wins face-off versus Tyler Motte in Penguins zone.
12:49 of 2nd period - Sam Kurker is hit by Keaton Middleton.
13:23 of 2nd period - Snap shot by Tyler Motte.
13:23 of 2nd period - Stopped by Connor Hellebyuk with a rebound.
13:25 of 2nd period - Slapshot by Tyler Motte.
13:25 of 2nd period - Shot Blocked by Andrew O'Brien.
13:31 of 2nd period - Wrist shot by Tyler Motte.
13:31 of 2nd period - Stopped by Connor Hellebyuk with a rebound.
13:33 of 2nd period - Wrist shot by Michael Dal Colle.
13:33 of 2nd period - Shot Misses the Net.
13:35 of 2nd period - Snap shot by Pius Suter.
13:35 of 2nd period - Deflect By Michael Dal Colle.
13:35 of 2nd period - Shot Misses the Net.
13:35 of 2nd period - Puck is out of play.
13:36 of 2nd period - Jonathan Marchessault wins face-off versus Cedric Paquette in Penguins zone.
13:45 of 2nd period - Wrist shot by Josh Jooris.
13:45 of 2nd period - Shot Misses the Net.
14:01 of 2nd period - Jonathan Marchessault is hit by Adam Brooks.
14:25 of 2nd period - Snap shot by Jonathan Marchessault.
14:25 of 2nd period - Deflect By Matteson Iacopelli.
14:25 of 2nd period - Shot Misses the Net.
14:25 of 2nd period - Puck is out of play.
14:26 of 2nd period - Zach Aston-Reese wins face-off versus Cedric Paquette in Penguins zone.
14:39 of 2nd period - Anthony Duclair is hit by Josh Jooris and loses puck.
15:28 of 2nd period - Slapshot by Zach Aston-Reese.
15:28 of 2nd period - Shot Misses the Net.
15:30 of 2nd period - Snap shot by Anthony Duclair.
15:30 of 2nd period - Stopped by Connor Hellebyuk with a rebound.
15:48 of 2nd period - Wrist shot by Chris Calhan.
15:48 of 2nd period - Shot Misses the Net.
15:50 of 2nd period - Wrist shot by Chris Calhan.
15:50 of 2nd period - Shot Misses the Net.
15:52 of 2nd period - Wrist shot by Zach Aston-Reese.
15:52 of 2nd period - Shot Misses the Net.
15:54 of 2nd period - Snap shot by Anthony Duclair.
15:54 of 2nd period - Shot Misses the Net.
15:56 of 2nd period - Snap shot by Chris Calhan.
15:56 of 2nd period - Goal by Chris Calhan - Penguins : 5 - Eagles : 2.
15:57 of 2nd period - Cedric Paquette wins face-off versus Jonathan Marchessault in neutral zone.
16:04 of 2nd period - Backhand shot by Josh Jooris.
16:04 of 2nd period - Shot Blocked by Stefan Elliott.
16:10 of 2nd period - Snap shot by William Nylander.
16:10 of 2nd period - Stopped by Antoine Bibeau with a rebound.
17:31 of 2nd period - Snap shot by Iven Barbashev.
17:31 of 2nd period - Deflect By Kyle Connor.
17:31 of 2nd period - Shot Misses the Net.
17:31 of 2nd period - Puck is out of play.
17:32 of 2nd period - Jonathan Marchessault wins face-off versus Adam Brooks in Eagles zone.
17:55 of 2nd period - Snap shot by Gavin Bayreuther.
17:55 of 2nd period - Deflect By Zach Aston-Reese.
17:55 of 2nd period - Stopped by Antoine Bibeau with a rebound.
17:57 of 2nd period - Snap shot by Frederick Gaudreau.
17:57 of 2nd period - Goal by Frederick Gaudreau - Penguins : 6 - Eagles : 2.
17:58 of 2nd period - Jonathan Marchessault wins face-off versus Cedric Paquette in neutral zone.
18:01 of 2nd period - Wrist shot by Jarred Tinordi.
18:01 of 2nd period - Deflect By William Nylander.
18:01 of 2nd period - Stopped by Connor Hellebyuk without a rebound.
18:02 of 2nd period - Jonathan Marchessault wins face-off versus Cedric Paquette in Penguins zone.
18:15 of 2nd period - Slapshot by Jonathan Marchessault.
18:15 of 2nd period - Stopped by Connor Hellebyuk without a rebound.
18:16 of 2nd period - Frederick Gaudreau wins face-off versus Matteson Iacopelli in Penguins zone.
18:24 of 2nd period - Minor Penalty to Daniel Carr for Holding.
18:25 of 2nd period - Cedric Paquette wins face-off versus Jonathan Marchessault in Eagles zone.
18:35 of 2nd period - Snap shot by Josh Jooris.
18:35 of 2nd period - Stopped by Antoine Bibeau without a rebound.
18:36 of 2nd period - Josh Jooris wins face-off versus Michael Dal Colle in Eagles zone.
19:11 of 2nd period - Icing by Christopher Tanev.
19:12 of 2nd period - Michael Dal Colle wins face-off versus Frederick Gaudreau in Penguins zone.
19:35 of 2nd period - Off-side.
19:36 of 2nd period - Frederick Gaudreau wins face-off versus Tyler Motte in neutral zone.
19:47 of 2nd period - Wrist shot by Frederick Gaudreau.
19:47 of 2nd period - Stopped by Antoine Bibeau with a rebound.
19:49 of 2nd period - Slapshot by Dakota Mermis.
19:49 of 2nd period - Deflect By Kyle Connor.
19:49 of 2nd period - Shot Misses the Net.
19:49 of 2nd period - Puck is out of play.
19:50 of 2nd period - Michael Dal Colle wins face-off versus Cedric Paquette in Eagles zone.
19:50 of 2nd period - Michael Dal Colle is hit by Josh Jooris.
19:53 of 2nd period - Minor Penalty to Jarred Tinordi for High sticking.
19:54 of 2nd period - Cedric Paquette wins face-off versus Michael Dal Colle in Eagles zone.
Goals for this period are 4 for Penguins vs 1 for Eagles.
Shots for this period are 14 for Penguins vs 14 for Eagles.

3rd period


0:01 of 3rd period - Cedric Paquette wins face-off versus Michael Dal Colle in neutral zone.
0:14 of 3rd period - Wrist shot by William Nylander.
0:14 of 3rd period - Goal by William Nylander - Penguins : 7 - Eagles : 2.
0:15 of 3rd period - Daniel Carr wins face-off versus Cedric Paquette in neutral zone.
0:25 of 3rd period - Slapshot by Andrew O'Brien.
0:25 of 3rd period - Shot Blocked by Xavier Ouellet.
0:27 of 3rd period - Slapshot by Andrew O'Brien.
0:27 of 3rd period - Shot Blocked by Jonathan Marchessault.
0:37 of 3rd period - Minor Penalty to Xavier Ouellet for Tripping.
0:38 of 3rd period - Cedric Paquette wins face-off versus Daniel Carr in Eagles zone.
1:05 of 3rd period - Slapshot by Kyle Connor.
1:05 of 3rd period - Shot Misses the Net.
1:07 of 3rd period - Backhand shot by Frederick Gaudreau.
1:07 of 3rd period - Shot Hit the Post.
1:09 of 3rd period - Snap shot by Dakota Mermis.
1:09 of 3rd period - Shot Misses the Net.
1:11 of 3rd period - Snap shot by Frederick Gaudreau.
1:11 of 3rd period - Stopped by Antoine Bibeau with a rebound.
1:13 of 3rd period - Slapshot by Dakota Mermis.
1:13 of 3rd period - Shot Blocked by Jonathan Racine.
1:53 of 3rd period - Penalty to Jarred Tinordi is over, Jarred Tinordi is back on ice.
2:15 of 3rd period - Dakota Mermis is hit by Connor Carrick.
2:29 of 3rd period - Cedric Paquette is hit by Jonathan Marchessault and loses puck.
2:37 of 3rd period - Penalty to Xavier Ouellet is over, Xavier Ouellet is back on ice.
2:42 of 3rd period - Stefan Elliott is hit by Adam Brooks and loses puck.
3:31 of 3rd period - Tyler Motte is hit by Curtis Hamilton and loses puck.
3:44 of 3rd period - Wrist shot by Daniel Carr.
3:44 of 3rd period - Shot Misses the Net.
3:46 of 3rd period - Snap shot by Sam Steel.
3:46 of 3rd period - Deflect By Curtis Hamilton.
3:46 of 3rd period - Shot Blocked by Adam Brooks.
3:46 of 3rd period - Puck is out of play.
3:47 of 3rd period - Frederick Gaudreau wins face-off versus Sam Steel in Penguins zone.
3:47 of 3rd period - Frederick Gaudreau is hit by Daniel Carr.
6:48 of 3rd period - Slapshot by Dakota Mermis.
6:48 of 3rd period - Stopped by Antoine Bibeau with a rebound.
6:50 of 3rd period - Wrist shot by Anthony Beauvillier.
6:50 of 3rd period - Stopped by Antoine Bibeau with a rebound.
6:52 of 3rd period - Snap shot by Raphael Bussieres.
6:52 of 3rd period - Shot Misses the Net.
6:54 of 3rd period - Snap shot by Dakota Mermis.
6:54 of 3rd period - Stopped by Antoine Bibeau with a rebound.
7:03 of 3rd period - Minor Penalty to Stefan Elliott for Roughing.
7:04 of 3rd period - Cedric Paquette wins face-off versus Daniel Carr in Eagles zone.
7:06 of 3rd period - Snap shot by Josh Jooris.
7:06 of 3rd period - Goal by Josh Jooris - Penguins : 8 - Eagles : 2.
7:06 of 3rd period - Marek Mazanek enters game.
7:07 of 3rd period - Jonathan Marchessault wins face-off versus Cedric Paquette in neutral zone.
8:47 of 3rd period - Snap shot by Anthony Beauvillier.
8:47 of 3rd period - Shot Misses the Net.
8:49 of 3rd period - Slapshot by Danny Biega.
8:49 of 3rd period - Stopped by Marek Mazanek with a rebound.
9:26 of 3rd period - Wrist shot by Jonathan Marchessault.
9:26 of 3rd period - Stopped by Connor Hellebyuk without a rebound.
9:27 of 3rd period - Zach Aston-Reese wins face-off versus Cedric Paquette in Penguins zone.
9:28 of 3rd period - Slapshot by Anthony Duclair.
9:28 of 3rd period - Shot Misses the Net.
9:57 of 3rd period - Off-side.
9:58 of 3rd period - Frederick Gaudreau wins face-off versus Tyler Motte in neutral zone.
10:12 of 3rd period - Slapshot by John Ramage.
10:12 of 3rd period - Stopped by Connor Hellebyuk without a rebound.
10:13 of 3rd period - Zach Aston-Reese wins face-off versus Cedric Paquette in Penguins zone.
10:51 of 3rd period - Snap shot by Curtis Hamilton.
10:51 of 3rd period - Stopped by Marek Mazanek with a rebound.
11:35 of 3rd period - Slapshot by William Nylander.
11:35 of 3rd period - Shot Misses the Net.
11:57 of 3rd period - Wrist shot by Zach Aston-Reese.
11:57 of 3rd period - Shot Blocked by Kyle Connor.
11:59 of 3rd period - Slapshot by Zach Aston-Reese.
11:59 of 3rd period - Goal by Zach Aston-Reese - Penguins : 8 - Eagles : 3.
12:00 of 3rd period - Jonathan Marchessault wins face-off versus Cedric Paquette in neutral zone.
12:11 of 3rd period - Snap shot by Cedric Paquette.
12:11 of 3rd period - Stopped by Marek Mazanek without a rebound.
12:12 of 3rd period - Cedric Paquette wins face-off versus Jonathan Marchessault in Eagles zone.
12:13 of 3rd period - Wrist shot by Josh Jooris.
12:13 of 3rd period - Deflect By Cedric Paquette.
12:13 of 3rd period - Stopped by Marek Mazanek with a rebound.
12:27 of 3rd period - Snap shot by Jonathan Marchessault.
12:27 of 3rd period - Shot Misses the Net.
13:13 of 3rd period - Christopher Tanev is hit by John Ramage and loses puck.
13:16 of 3rd period - Minor Penalty to Daniel Carr for Interference.
13:17 of 3rd period - Cedric Paquette wins face-off versus Michael Dal Colle in Eagles zone.
14:18 of 3rd period - Icing by Christopher Tanev.
14:19 of 3rd period - Tyler Motte wins face-off versus Frederick Gaudreau in Penguins zone.
15:16 of 3rd period - Penalty to Daniel Carr is over, Daniel Carr is back on ice.
15:25 of 3rd period - Slapshot by Anthony Duclair.
15:25 of 3rd period - Stopped by Connor Hellebyuk with a rebound.
15:36 of 3rd period - John Marino beats up Sam Steel.
15:36 of 3rd period - Penalty to Sam Steel for Fighting.
15:36 of 3rd period - Penalty to John Marino for Fighting.
15:37 of 3rd period - Jonathan Marchessault wins face-off versus Cedric Paquette in neutral zone.
15:42 of 3rd period - Slapshot by Stefan Elliott.
15:42 of 3rd period - Deflect By William Nylander.
15:42 of 3rd period - Goal by Stefan Elliott - Penguins : 8 - Eagles : 4.
15:43 of 3rd period - Jonathan Marchessault wins face-off versus Cedric Paquette in neutral zone.
15:48 of 3rd period - Josh Jooris is hit by Matteson Iacopelli and loses puck.
15:57 of 3rd period - Cedric Paquette is hit by Matteson Iacopelli and loses puck.
16:12 of 3rd period - Wrist shot by Iven Barbashev.
16:12 of 3rd period - Shot Misses the Net.
16:14 of 3rd period - Slapshot by Christopher Tanev.
16:14 of 3rd period - Stopped by Marek Mazanek without a rebound.
16:15 of 3rd period - Frederick Gaudreau wins face-off versus Zach Aston-Reese in Eagles zone.
16:27 of 3rd period - Minor Penalty to Zach Aston-Reese for Hooking.
16:28 of 3rd period - Daniel Carr wins face-off versus Cedric Paquette in Eagles zone.
16:28 of 3rd period - Daniel Carr is hit by Andrew O'Brien.
16:39 of 3rd period - Cedric Paquette is hit by Daniel Carr.
16:43 of 3rd period - Slapshot by Christopher Tanev.
16:43 of 3rd period - Goal by Christopher Tanev - Penguins : 9 - Eagles : 4.
16:44 of 3rd period - Jonathan Marchessault wins face-off versus Cedric Paquette in neutral zone.
16:55 of 3rd period - Wrist shot by Matteson Iacopelli.
16:55 of 3rd period - Stopped by Connor Hellebyuk with a rebound.
16:57 of 3rd period - Slapshot by Jarred Tinordi.
16:57 of 3rd period - Stopped by Connor Hellebyuk without a rebound.
16:58 of 3rd period - Jonathan Marchessault wins face-off versus Frederick Gaudreau in Penguins zone.
16:59 of 3rd period - Wrist shot by Daniel Carr.
16:59 of 3rd period - Shot Misses the Net.
17:02 of 3rd period - Daniel Carr and Christopher Tanev fight to a draw.
17:02 of 3rd period - Penalty to Daniel Carr for Fighting.
17:02 of 3rd period - Penalty to Christopher Tanev for Fighting.
17:03 of 3rd period - Jonathan Marchessault wins face-off versus Cedric Paquette in Penguins zone.
17:04 of 3rd period - Slapshot by Stefan Elliott.
17:04 of 3rd period - Deflect By Matteson Iacopelli.
17:04 of 3rd period - Stopped by Connor Hellebyuk without a rebound.
17:05 of 3rd period - Jonathan Marchessault wins face-off versus Cedric Paquette in Penguins zone.
17:09 of 3rd period - Minor Penalty to Josh Jooris for Roughing.
17:10 of 3rd period - Jonathan Marchessault wins face-off versus Josh Ho-Sang in Penguins zone.
17:16 of 3rd period - Snap shot by Matteson Iacopelli.
17:16 of 3rd period - Stopped by Connor Hellebyuk without a rebound.
17:17 of 3rd period - Josh Ho-Sang wins face-off versus Jonathan Marchessault in Penguins zone.
17:17 of 3rd period - Josh Ho-Sang is hit by Matteson Iacopelli.
19:09 of 3rd period - Penalty to Josh Jooris is over, Josh Jooris is back on ice.
19:12 of 3rd period - Icing by Jonathan Marchessault.
19:13 of 3rd period - Frederick Gaudreau wins face-off versus Jonathan Marchessault in Eagles zone.
19:14 of 3rd period - Slapshot by Gavin Bayreuther.
19:14 of 3rd period - Stopped by Marek Mazanek with a rebound.
19:28 of 3rd period - Matthew Finn is hit by Stefan Elliott and loses puck.
19:54 of 3rd period - Anthony Duclair is hit by Iven Barbashev and loses puck.
Goals for this period are 3 for Penguins vs 2 for Eagles.
Shots for this period are 13 for Penguins vs 9 for Eagles.